 Dungeon Crawl Stone Soup version 0.17-a0-1093-g0b3cd89 (webtiles) character file.

5258 XXXTooMuchSwagXXX the Bludgeoner (level 10, -5/138 HPs)
             Began as an Ogre Berserker on May 20, 2015.
             Was a High Priest of Trog.
             Slain by a yak (7 damage)
             ... on level 9 of the Dungeon.
             The game lasted 00:18:14 (10090 turns).

XXXTooMuchSwagXXX the Bludgeoner (Ogre Berserker)  Turns: 10090, Time: 00:18:14

Health: -5/138     AC:  6    Str: 29    XL:     10   Next: 62%
Magic:  10/10      EV: 10    Int:  6    God:    Trog [*****.]
Gold:   552        SH:  0    Dex: 12    Spells: 0 memorised, 9 levels left

rFire  . . .     SeeInvis .     M - +1 giant spiked club
rCold  . . .     Clarity  .     b - +0 animal skin
rNeg   . . .     SustAb   +     (no shield)
rPois  .         Gourm    .     (helmet restricted)
rElec  .         Spirit   .     E - +2 cloak
rCorr  .         Warding  .     (gloves unavailable)
rMut   .         Stasis   .     (boots unavailable)
MR     +....                    (no amulet)
Stlth  ..........               (no ring)
                                f - ring of sustain abilities

@: berserking, very quick, somewhat resistant to hostile enchantments, extremely
unstealthy
A: unfitting armour, tough skin 1
a: Burn Spellbooks, Berserk, Trog's Hand, Brothers in Arms, Renounce Religion


You were on level 9 of the Dungeon.
You worshipped Trog.
Trog was extremely pleased with you.
You were hungry.

You visited 2 branches of the dungeon, and saw 10 of its levels.
You also visited: Bailey.

You collected 552 gold pieces.

Inventory:

Hand weapons
 a - a +0 mace
 e - a +0 flail
 x - a +0 hammer of protection
 H - a +0 giant club
 I - a +0 flail of draining
 M - a +1 giant spiked club (weapon)
Missiles
 l - 50 poisoned needles
 A - 6 curare-tipped needles
 K - 18 tomahawks (quivered)
 Q - 8 steel javelins
 R - 3 needles of slowing
Armour
 b - a +0 animal skin (worn)
 w - a +1 cloak
 E - a +2 cloak (worn)
 U - a +1 cloak
Jewellery
 f - a ring of sustain abilities (left hand)
 m - an uncursed amulet of the gourmand {unknown}
 r - a +4 ring of protection {unknown}
Magical devices
 G - a wand of polymorph (9)
Scrolls
 d - a scroll of recharging
 g - 7 scrolls of teleportation
 i - 4 scrolls of remove curse
 j - 2 scrolls of random uselessness
 p - 2 scrolls of enchant armour
 s - 10 scrolls of identify
 y - 2 scrolls of fog
 z - 3 scrolls of fear
 C - a scroll of magic mapping {unknown}
 L - a scroll of blinking
 S - a scroll of enchant weapon
Potions
 h - a potion of heal wounds
 k - 4 potions of curing
 n - a potion of might {unknown}
 o - 2 potions of ambrosia {unknown}
 q - a potion of invisibility {unknown}
 t - 3 potions of haste {unknown}
 u - 2 potions of mutation {unknown}
 B - a potion of cure mutation {unknown}
 J - a potion of cancellation {unknown}
 O - a potion of magic {unknown}
 P - 9 potions of poison
Books
 F - a book of Death

   Spells                             Type                      Level
   a - Corpse Rot                     Necromancy                   2
   b - Sublimation of Blood           Necromancy                   2
   c - Agony                          Necromancy                   5
   d - Dispel Undead                  Necromancy                   5
   e - Excruciating Wounds            Charms/Necromancy            5
   f - Bolt of Draining               Conjuration/Necromancy       5
   Trog disapproves of the use of such an item.
Comestibles
 c - 3 bread rations
 v - a slice of pizza
 D - 2 royal jellies
 N - 2 meat rations
 T - 7 chunks of flesh


   Skills:
 - Level 4.0 Fighting
 + Level 18.6 Maces & Flails
 - Level 2.6 Dodging


You had 9 spell levels left.
You didn't know any spells.

Dungeon Overview and Level Annotations

Branches:
Dungeon (9/15)             Temple (1/1) D:6
   Lair: D:8-11         Orc: D:9-12

Altars:
Ashenzari
Dithmenos
Elyvilon
Fedhas
Gozag
Kikubaaqudgha
Makhleb
Nemelex Xobeh
Okawaru
Qazlal
Ru
Sif Muna
Trog
Xom
Zin


Innate Abilities, Weirdness & Mutations

You are too large for most types of armour.
You have tough skin (AC +1).


Message History

The yak is severely wounded.
The giant frog hits you.
* * * LOW HITPOINT WARNING * * *
You puncture the yak!
The yak is almost dead.
The yak barely misses you. The yak gores you!
* * * LOW HITPOINT WARNING * * *
The giant frog hits you but does no damage.
Unknown command.
You impale the yak!!
You kill the yak!
Trog accepts your kill. The yak closely misses you.
Unknown command.
You impale the giant frog!!
You feel the power of Trog in you as your rage grows.
You kill the giant frog!
Trog accepts your kill.
You closely miss the yak. The yak gores you!
You die...

#########
##########.......#
#.†@†..'.+.......#
#..Y##.##'#.......#
#
######.##.#.......#
# #.......'.......#
#
####+####.......###
.>.......##'##.#
.........#..'..#
<........#..#.)'
.........+..#..#


You could see a yak.

Vanquished Creatures
  Erolcha (D:8)
  Grinder (D:6)
  2 yaks (D:9)
  A hungry ghost (D:7)
  Edmund (D:6)
  2 orc warriors
  2 water moccasins
  An ice beast (D:7)
  A phantom (D:6)
  A sky beast (D:7)
  A necrophage (D:5)
  5 ogres
  2 black bears
  5 centaurs
  2 big kobolds (D:8)
  2 crocodiles
  The ghost of Baka the Covered, an average GrFi (D:3)
  6 giant frogs
  A wyvern skeleton (D:6)
  2 scorpions
  3 wights (D:8)
  A jelly (D:7)
  2 centaur skeletons
  4 hounds
  Crazy Yiuf (D:4)
  A giant frog skeleton (D:7)
  An orc priest (D:8)
  5 orc wizards
  2 iguanas
  8 worker ants
  2 hound zombies
  2 hound skeletons
  2 gnolls (D:8)
  13 adders
  A shadow imp (D:6)
  2 oozes
  3 adder zombies
  5 worms
  3 giant geckos
  22 orcs
  A ball python (D:3)
  2 bat skeletons
  8 giant cockroaches
  11 hobgoblins
  28 kobolds
  3 quokkas (D:4)
  13 bats
  4 giant newts
  10 goblins
  A quokka skeleton (D:8)
  10 rats
214 creatures vanquished.

Notes
Turn   | Place    | Note
--------------------------------------------------------------
     0 | D:1      | XXXTooMuchSwagXXX the Ogre Berserker began the quest for the Orb.
     0 | D:1      | Reached XP level 1. HP: 24/24 MP: 1/1
   419 | D:1      | Reached XP level 2. HP: 32/32 MP: 2/2
   808 | D:1      | Reached skill level 5 in Maces & Flails
  1077 | D:2      | Found a shattered altar of Ashenzari.
  1148 | D:2      | Reached XP level 3. HP: 36/39 MP: 3/3
  1447 | D:2      | Acquired Trog's second power
  1493 | D:2      | Reached skill level 6 in Maces & Flails
  1830 | D:3      | Reached XP level 4. HP: 38/48 MP: 4/4
  1984 | D:3      | Noticed Baka's ghost (average GrFi)
  1998 | D:3      | Killed Baka's ghost
  1998 | D:3      | Reached skill level 7 in Maces & Flails
  1998 | D:3      | Reached XP level 5. HP: 24/54 MP: 5/5
  2332 | D:3      | Reached skill level 8 in Maces & Flails
  2913 | D:3      | Reached XP level 6. HP: 44/62 MP: 6/6
  3661 | D:4      | Reached skill level 9 in Maces & Flails
  4468 | D:4      | Noticed Crazy Yiuf
  4474 | D:4      | Killed Crazy Yiuf
  4474 | D:4      | Reached skill level 10 in Maces & Flails
  4474 | D:4      | Reached XP level 7. HP: 70/70 MP: 7/7
  4989 | D:5      | Entered Level 5 of the Dungeon
  5335 | D:5      | Found a sacrificial altar of Ru.
  5671 | D:5      | Reached skill level 11 in Maces & Flails
  6517 | D:5      | Reached XP level 8. HP: 60/76 MP: 8/8
  6675 | D:5      | Reached skill level 12 in Maces & Flails
  6706 | D:6      | Noticed Grinder
  6722 | D:6      | Paralysed by Grinder for 3 turns
  6737 | D:6      | Killed Grinder
  6762 | D:6      | Noticed Edmund
  6779 | D:6      | Killed Edmund
  6779 | D:6      | Reached skill level 13 in Maces & Flails
  7120 | D:6      | Reached skill level 14 in Maces & Flails
  7172 | D:6      | Acquired Trog's third power
  7172 | D:6      | Reached XP level 9. HP: 67/84 MP: 9/9
  7441 | D:6      | Found a staircase to the Ecumenical Temple.
  7468 | Temple   | Entered the Ecumenical Temple
  7757 | D:7      | Reached skill level 15 in Maces & Flails
  8649 | D:7      | Reached skill level 16 in Maces & Flails
  8941 | D:8      | Noticed Erolcha
  8945 | D:8      | Killed Erolcha
  8945 | D:8      | Reached skill level 17 in Maces & Flails
  8945 | D:8      | Reached XP level 10. HP: 88/92 MP: 10/10
  9213 | D:8      | Found a flagged portal.
  9313 | Bailey   | Entered a bailey
  9322 | Bailey   | Noticed an orc knight
  9490 | D:8      | Received a gift from Trog
  9582 | D:8      | Reached skill level 18 in Maces & Flails
 10087 | D:9      | HP: 2/138 [yak (11)]
 10090 | D:9      | Slain by a yak

Vault maps used:
D:1:      ncdulo_halloftheorcs
D:2:      first_bread, ashenzari_altar_1
D:4:      uniq_crazy_yiuf_cottage
D:5:      black_bear_nest_1, nicolae_ru_great_annihilating_truth,
          kennysheep_another_room, kennysheep_generic_room_5
D:6:      minmay_temple_entry_hall, uniq_edmund, uniq_grinder
D:8:      enter_bailey_7, uniq_erolcha, uniq_joseph
D:9:      nicolae_overflow_hidden_temple
Temple:   minmay_temple_curvy_14
Bailey:   bailey_polearm_4, bailey

Action                   |  1- 3 |  4- 6 |  7- 9 | 10-12 || total
-------------------------+-------+-------+-------+-------++-------
Melee: Mace              |   117 |   157 |       |       ||   274
       Flail             |       |    35 |   207 |       ||   242
       Giant club        |       |       |    28 |       ||    28
       Unarmed           |       |       |     2 |       ||     2
       Giant spiked club |       |       |    94 |   108 ||   202
Throw: Tomahawk          |       |       |    10 |       ||    10
Invok: Berserk           |     1 |     6 |     6 |     1 ||    14
  Use: Scroll            |       |     4 |     9 |       ||    13
       Potion            |       |       |     2 |       ||     2
 Stab: Invisible         |       |       |     1 |       ||     1
       Paralysed         |       |       |     1 |       ||     1
       Sleeping          |       |       |     1 |       ||     1
  Eat: Chunk             |     4 |     9 |    16 |     4 ||    33
       Bread ration      |       |     1 |       |       ||     1
       Beef jerky        |       |       |     1 |       ||     1
       Royal jelly       |       |       |     1 |       ||     1
       Pizza             |       |       |     1 |       ||     1
